AoeStats
← DOX BRAZIL

Black Forest

509935575Analyzed
2v2 RM · 5d ago on Sep 28, 2026· 61m 20s· 4 players
Game mode
Random Map
Map size
Medium (4 player)
Population
200
Speed
Normal
Resources
Standard
Victory
Conquest
Starting age
Dark Age
Ending age
Imperial Age
RankedLock teamsTeams togetherTeam positionsShared explorationLock speedFull tech treeHidden civsTurbo modeCheats
Victory
Defeat
🇩🇪 Spanish · Germany
751
+16
🇩🇪 Franks · Germany
748
+16
🇬🇧 Turks · United Kingdom
788
-18
🇳🇴 Poles · Norway
701
-14
UNINSTALL WIZZARD
0:29 Loom
12:09 Feudal Age
13:29 Wheelbarrow
12:44 Double-Bit Axe
21:50 Castle Age
22:57 Town Watch
23:31 Bow Saw
23:15 Stone Mining
24:12 Scale Barding Armor
24:07 Scale Mail Armor
24:28 Forging
24:11 Fletching
24:22 Padded Archer Armor
28:55 Gold Mining
29:36 Caravan
33:06 Chain Barding Armor
33:25 Hand Cart
38:12 Imperial Age
36:10 Scale Mail Armor
36:59 Iron Casting
36:27 Ordonnance Companies
38:30 Husbandry
37:50 Light Cavalry
38:51 Chain Mail Armor
38:32 Bodkin Arrow
38:52 Leather Archer Armor
38:55 Fortified Wall
38:29 Treadmill Crane
39:03 Masonry
39:54 Chemistry
39:15 Ballistics
39:12 Town Patrol
39:55 Gold Shaft Mining
39:13 Heavy Mounted Crossbowman
39:13 Cranequins
41:22 Plate Barding Armor
41:20 Plate Mail Armor
41:16 Squires
42:27 Architecture
41:53 Murder Holes
41:44 Arrowslits
42:23 Elite Skirmisher
42:24 Crossbowman
44:08 Blast Furnace
43:11 Chivalry
43:47 Hoardings
44:42 Pikeman
45:08 Arson
45:06 Onager
45:48 Cavalier
48:05 Halberdier
48:13 Paladin
Muglax
0:42 Loom
11:32 Feudal Age
12:58 Double-Bit Axe
13:56 Wheelbarrow
16:38 Horse Collar
18:21 Gold Mining
18:21 Stone Mining
22:56 Castle Age
25:20 Heavy Plow
26:15 Bow Saw
30:46 Fortified Wall
31:35 Pikeman
32:15 Squires
32:14 Arson
32:36 Caravan
32:59 Ballistics
33:01 Hand Cart
33:47 Scale Barding Armor
33:42 Scale Mail Armor
33:42 Padded Archer Armor
33:33 Fletching
33:53 Forging
34:52 Stone Shaft Mining
33:45 Light Cavalry
34:35 Bloodlines
34:26 Husbandry
38:11 Imperial Age
36:38 Leather Archer Armor
36:39 Chain Mail Armor
36:44 Chain Barding Armor
39:11 Iron Casting
38:31 Bodkin Arrow
38:31 Cavalier
38:37 Halberdier
38:39 Elite Skirmisher
42:33 Plate Barding Armor
42:30 Ring Archer Armor
43:00 Blast Furnace
42:31 Plate Mail Armor
42:01 Bracer
42:10 Thumb Ring
43:37 Two-Man Saw
44:07 Chemistry
42:54 Arrowslits
43:22 Heavy Mounted Crossbowman
45:02 Paladin
48:26 Conscription
47:38 Sappers
56:32 Man-at-Arms
56:57 Gambesons
Anette2k
0:26 Loom
11:42 Feudal Age
19:35 Castle Age
18:04 Horse Collar
18:11 Town Watch
19:44 Padded Archer Armor
22:14 Heavy Plow
24:02 Murder Holes
24:28 Ballistics
25:12 Double-Bit Axe
26:02 Thumb Ring
25:25 Crossbowman
26:44 Fletching
29:28 Caravan
33:35 Imperial Age
31:58 Town Patrol
32:17 Leather Archer Armor
34:14 Bodkin Arrow
34:31 Forging
34:21 Scale Mail Armor
34:08 Arbalester
35:56 Hoardings
38:39 Bracer
39:27 Wheelbarrow
39:57 Elite Skirmisher
40:04 Elite Obuch
41:26 Chain Mail Armor
42:39 Chemistry
42:57 Crop Rotation
43:14 Iron Casting
43:37 Hand Cart
49:34 Siege Engineers
50:33 Blast Furnace
50:03 Plate Mail Armor
DOX BRAZIL
0:28 Loom
11:49 Feudal Age
19:54 Castle Age
18:19 Horse Collar
18:28 Double-Bit Axe
21:16 Stone Mining
22:21 Caravan
23:12 Town Watch
24:24 Gold Mining
27:15 Bow Saw
27:09 Heavy Plow
27:47 Gold Shaft Mining
32:52 Imperial Age
31:15 Ballistics
32:53 Husbandry
33:03 Bloodlines
33:01 Padded Archer Armor
33:09 Scale Barding Armor
33:16 Forging
33:51 Wheelbarrow
34:18 Masonry
35:37 Heavy Camel Rider
38:00 Iron Casting
37:42 Leather Archer Armor
39:43 Conscription
39:51 Chain Barding Armor
40:20 Artillery
43:43 Blast Furnace
43:20 Plate Barding Armor
43:15 Ring Archer Armor
43:14 Fletching
43:09 Elite Janissary
46:48 Parthian Tactics
51:19 Bodkin Arrow
Connection lost

Rejoining the realm…

Still unreachable

The connection could not be restored.

Session expired

The server has moved on; the page needs a fresh start.